 Dungeon Crawl Stone Soup version 0.28.0-53-g5a82cb258f (webtiles) character file.

Game seed: 8305677050739835446

85 buhh the Skirmisher (level 4, 0/33 HPs)
             Began as an Octopode Transmuter on June 20, 2022.
             Slain by a hound (4 damage)
             ... on level 5 of the Dungeon.
             The game lasted 00:03:16 (3224 turns).

buhh the Skirmisher (Octopode Transmuter)           Turns: 3224, Time: 00:03:16

Health: 0/33       AC:  1    Str:  9    XL:     4   Next: 48%
Magic:  6/7        EV: 13    Int: 17    God:
Gold:   81         SH:  0    Dex: 12    Spells: 1/7 levels left

rFire   . . .      SeeInvis .     - Unarmed
rCold   . . .      Faith    .   (no shield)
rNeg    . . .      Spirit   .   (helmet currently unavailable)
rPois   .          Reflect  .   (no amulet)
rElec   .          Harm     .   (no ring)
rCorr   .          Rampage  .   (no ring)
Will    .....                   (no ring)
Stlth   +++.......              (no ring)
HPRegen 0.11/turn               (no ring)
MPRegen 0.10/turn               (no ring)
                                (no ring)
                                (no ring)

@: appendages
A: tentacle spike 3, almost no armour, amphibious, 8 rings, camouflage 1,
gelatinous body 1, (nimble swimmer 1), tentacles
a: End Transformation


You were on level 5 of the Dungeon.
One of your tentacles had grown a beastly spike.
You visited 1 branch of the dungeon, and saw 5 of its levels.

You collected 81 gold pieces.

Inventory:

Potions
 a - a potion of degeneration
 c - a potion of curing {unknown}
 d - a potion of lignification {unknown}
 e - 3 potions of attraction
 h - a potion of magic {unknown}


   Skills:
 + Level 4.1 Fighting
 - Level 2.0 Dodging
 - Level 1.0 Stealth
 - Level 3.0 Unarmed Combat
 - Level 2.0 Spellcasting
 - Level 2.0 Transmutations


You had one spell level left.
You knew the following spells:

 Your Spells              Type           Power      Damage    Failure   Level
a - Beastly Appendage     Tmut           16%        N/A       9%          1
b - Wereblood             Tmut           8%         N/A       13%         2
c - Spider Form           Tmut/Pois      5%         N/A       36%         3

Your spell library contained the following spells:

 Spells                   Type           Power      Damage    Failure   Level
 Foxfire                  Conj/Fire      4%         2x1d4     19%         1
 Conjure Flame            Conj/Fire      1%         6-21      50%         3
 Inner Flame              Hex/Fire       1%         N/A       50%         3
 Ice Form                 Ice/Tmut       5%         N/A       77%         4
 Flame Wave               Conj/Fire      1%         2d4       88%         4


Dungeon Overview and Level Annotations

Branches:
Dungeon (5/15)
 Temple: D:4-7

Altars:
Kikubaaqudgha


Innate Abilities, Weirdness & Mutations

One of your tentacles has grown a beastly spike.
You cannot wear most types of armour.
You are amphibious.
You can wear up to eight rings at the same time.
Your skin changes colour to match your surroundings (Stealth+).
Your rubbery body absorbs attacks. (AC +1, EV +1)
((You are camouflaged when in or above water. (Stealth+)))
You have tentacles for arms and can constrict up to eight enemies at once.


Message History

A hound comes into view.
Found a stone staircase leading down.
The hound barks!
Casting: Beastly Appendage (safe; 9% risk of failure)
Press: ? - help, Q - select action, (/) - cycle Dir - look around, f - activate One of your tentacles grows a vicious spike.
The hound bites you.
You barely miss the hound. Your grab misses the hound. The hound bites you.
* * * LOW HITPOINT WARNING * * *
A hound comes into view.
The hound bites you.
* * * LOW HITPOINT WARNING * * *
You completely miss the hound.
The hound barks!
Your grab misses the hound.
Your tentacle spike misses the hound.
The hound barely misses you.
You tentacle-slap the hound. You grab the hound.
The hound is moderately wounded.
You constrict the hound, but do no damage.
The hound barely misses you. The hound misses you.
You barely miss the hound.
You pierce the hound.
You squeeze the hound, but do no damage.
The hound is moderately wounded.
You constrict the hound. The hound misses you.
You tentacle-slap the hound.
You pierce the hound, but do no damage.
The hound is heavily wounded.
You constrict the hound. The hound closely misses you.
You tentacle-slap the hound but do no damage.
Your squeeze misses the hound.
The hound is heavily wounded.
You constrict the hound. The hound bites you but does no damage.
The hound completely misses you. The hound barely misses you.
The hound bites you.
* * * LOW HITPOINT WARNING * * *
You tentacle-slap the hound. x2
The hound is almost dead.
You constrict the hound.
You kill the hound!
The hound bites you.
You die...

#### . ..# ... #.#
#..##.#########.
#...h@..<......s
......#.#########.
###.# #.# #. #.#
#># #.# #.# #..


You could see a hound.

Vanquished Creatures
  A hound (D:5)
  4 adders (D:2)
  A worm (D:4)
  A dart slug (D:2)
  4 endoplasms
  4 giant cockroaches
  7 goblins
  3 hobgoblins (D:1)
  7 kobolds
  A quokka (D:2)
  5 ball pythons
  4 bats
  2 rats (D:1)
44 creatures vanquished.

Notes
Turn   | Place    | Note
-------+----------+-------------------------------------------
     0 | D:1      | buhh the Octopode Transmuter began the quest for the Orb.
     0 | D:1      | Reached XP level 1. HP: 13/13 MP: 3/3
   273 | D:1      | Found a faded altar of an unknown god.
   516 | D:1      | Reached XP level 2. HP: 19/19 MP: 3/5
   627 | D:1      | Reached skill level 2 in Fighting
  1185 | D:1      | Reached XP level 3. HP: 24/25 MP: 4/6
  1503 | D:2      | Reached skill level 3 in Fighting
  1930 | D:2      | Found an ancient bone altar of Kikubaaqudgha.
  1947 | D:2      | Reached XP level 4. HP: 19/33 MP: 5/7
  2637 | D:2      | You fall into a shaft and drop 1 floor!
  2943 | D:3      | Reached skill level 4 in Fighting
  3105 | D:3      | Learned a level 2 spell: Wereblood
  3109 | D:3      | Learned a level 3 spell: Spider Form
  3174 | D:4      | Noticed a scorpion
  3196 | D:5      | Entered Level 5 of the Dungeon
  3213 | D:5      | Noticed a scorpion
  3224 | D:5      | Slain by a hound

Illustrated notes

Levels and vault maps discovered:
D:1:      ebering_hopf_link, layout_basic, basic_ecumenical_altar, hex_medium
D:2:      layout_loops_corners, basic_altar
D:3:      layout_loops_cross
D:4:      layout_loops_ring, uniq_sigmund
D:5:      layout_loops_ring, minmay_temple_entry_from_below_b,
          hangedman_decor_points, minmay_fire_ice_demons

Skill      XL: |  1  2  3  4 |
---------------+-------------+-----
Stealth        | 1 |  1.0
Fighting       | 2 3 4 |  4.1
Dodging        | |  2.0
Unarmed Combat | |  3.0
Spellcasting   | |  2.0
Transmutations | |  2.0

Action                   |  1- 3 |  4- 6 || total
-------------------------+-------+-------++-------
Melee: Unarmed           |    71 |    30 ||   101
       Constrict         |    13 |     8 ||    21
       Tentacles         |    13 |     9 ||    22
       Kick              |    12 |     9 ||    21
       Punch             |     3 |     1 ||     4
 Cast: Beastly Appendage |    22 |    11 ||    33
  Use: Scroll            |       |     7 ||     7
 Stab: Sleeping          |    10 |     1 ||    11
Armor: Skin              |     3 |     1 ||     4
Dodge: Dodged            |    40 |    16 ||    56
